Unix NetHack Version 3.7.0-53 Work-in-progress - last build Apr 11 2022 03:59:15 (1e4a17dd8e4cd83bd3ef5d46a59529246cfc2aae,branch:master). Game began 2022-04-17 19:09:36, ended 2022-04-17 19:19:37. Dewzmint, lawful male human Priest ---------------- |....{.......... ---------- -------- |..............| .. ###..........####|......| |............... ## |........| #|......| |..............| ## |.......[| #.......| ---.-----.------ # ---.------ #|.......# #B@e## # # ### #|...>..|# ## # # #--------# #####00### ----- # # ###################0 ## |...| # # ## # # |...| # ### # # |...| # ### # # |..*-## -------|- # % # |...| |.......-########## # ------------.--- ----- |......(| # ### ## |.............<| |...o...|## ######-.....)...)....| --------- ---------------- Dewzmint the Acolyte St:11 Dx:14 Co:12 In:8 Wi:18 Ch:13 Lawful S:474 Dlvl:4 $:48 HP:0(30) Pw:21(24) AC:4 Xp:3/69 T:1582 Latest messages: This gecko corpse tastes okay. You finish eating the gecko corpse. You find a hidden door. This door is locked. Kick it? [ynq] (q) y Thwack!! This door is locked. Kick it? [ynq] (q) y Thwack!! This door is locked. Kick it? [ynq] (q) y Whammm!! This door is locked. Kick it? [ynq] (q) y Whammm!! This door is locked. Kick it? [ynq] (q) y You kick the door. KABOOM!! The door was booby-trapped! You stagger... You feel a bit steadier now. You stop waiting. You miss the lichen. You kill the lichen! The gecko misses! You hit the gecko. The gecko bites! You kill the gecko! You sense the presence of monsters. (For instructions type a '?') Done. You miss the floating eye. You are frozen by the floating eye's gaze! The giant bat bites! The giant bat bites! The giant bat bites! The giant bat bites! The giant bat bites! The giant bat just misses! The giant bat bites! The giant bat bites! The giant bat bites! The giant bat bites! The giant bat bites! You die... Do you want your possessions identified? [ynq] (y) y Do you want to see your attributes? [ynq] (y) y Do you want an account of creatures vanquished? [ynaq] (y) n Do you want to see your conduct and achievements? [ynq] (y) y Do you want to see the dungeon overview? [ynq] (y) y Major events: Turn 1: Dewzmint the lawful human Priest entered the dungeon 1142: attained the rank of Acolyte (level 3) 1582: killed by a giant bat, while frozen by a floating eye's gaze Inventory: Coins $ - 48 gold pieces Weapons a - a blessed +1 mace (weapon in hand) Armor m - a blessed +0 pair of elven boots (being worn) c - a +0 small shield (being worn) b - a +0 robe (being worn) o - a +0 leather armor (being worn) Comestibles e - 2 cloves of garlic n - a cram ration p - a food ration i - a pancake f - a sprig of wolfsbane Spellbooks h - a spellbook of cure sickness g - a spellbook of detect monsters l - a spellbook of detect treasure Potions d - 4 potions of holy water Rings k - a -2 ring of adornment Tools q - a +0 grappling hook j - a magic whistle Dewzmint the Priest's attributes: Background: You were an Acolyte, a level 3 human Priest. You were lawful, nominally on a mission for Quetzalcoatl who was opposed by Camaxtli (neutral) and Huhetotl (chaotic). You were in the Dungeons of Doom, on level 4. You entered the dungeon 1582 turns ago. There was a full moon in effect when your adventure ended. You had 69 experience points, 11 more were needed to attain level 4. Your score was 474 before end-of-game adjustments. Basics: You had 0 out of 30 hit points. You had 21 out of 24 energy points (spell power). Your armor class was 4. Your wallet contained 48 zorkmids. Autopickup was off. Final Characteristics: Your strength was 11 (limit:18/100). Your dexterity was 14 (limit:18). Your constitution was 12 (limit:18). Your intelligence was 8 (limit:18). Your wisdom was 18 (limit:18). Your charisma was 13 (limit:18). Final Status: You were not hungry. You were unencumbered. You were wielding a mace. You had basic skill with mace. Final Attributes: You were devoutly aligned. You were telepathic. You were stealthy. You were guarded. You were lucky. You are dead. Miscellaneous: You never encountered a bones level. Total elapsed playing time was 10 minutes and 1 second. Vanquished creatures: a floating eye a garter snake 4 geckos 5 jackals 3 goblins a grid bug 6 lichens 4 newts 25 creatures vanquished. No species were genocided or became extinct. Voluntary challenges: You were an atheist. You were illiterate. You never engraved Elbereth. You never genocided any monsters. You never polymorphed an object. You never changed form. You used no wishes. Achievement: You attained the rank of Acolyte. The Dungeons of Doom: levels 1 to 4 Level 1: A sink. Level 2: A fountain. Level 3: Level 4: <- You were here. A fountain. Final resting place for you, killed by a giant bat, while frozen by a floating eye's gaze. Game over: ---------- / \ / REST \ / IN \ / PEACE \ / \ | Dewzmint | | 48 Au | | killed by a | | giant bat | | | | | | 2022 | *| * * * | * _________)/\\_//(\/(/\)/\//\/|_)_______ Goodbye Dewzmint the Priest... You died in The Dungeons of Doom on dungeon level 4 with 470 points, and 48 pieces of gold, after 1582 moves. You were level 3 with a maximum of 30 hit points when you died.